 Dungeon Crawl Stone Soup version 0.23.2-1-ga50397a (webtiles) character file.

Game seed: 11756575183589299073

116 eccles the Conjurer (level 4, -4/24 HPs)
             Began as a Deep Elf Conjurer on Apr 15, 2019.
             Killed from afar by an orc wizard (10 damage)
             ... with a puff of flame
             ... on level 2 of the Dungeon.
             The game lasted 00:16:03 (2049 turns).

eccles the Conjurer (Deep Elf Conjurer)             Turns: 2049, Time: 00:16:04

Health: -4/24      AC:  2    Str:  5    XL:     4   Next: 70%
Magic:  11/12      EV: 13    Int: 21    God:
Gold:   80         SH:  0    Dex: 15    Spells: 5/11 levels left

rFire    . . .     SeeInvis .   g - +0 spear (freeze)
rCold    . . .     Gourm    .   (no shield)
rNeg     . . .     Faith    .   a - +0 robe
rPois    .         Spirit   .   (no helmet)
rElec    .         Reflect  .   (no cloak)
rCorr    .         Harm     .   (no gloves)
MR       .....                  (no boots)
Stlth    ++........             o - amulet of magic regeneration
HPRegen  0.08/turn              (no ring)
MPRegen  0.38/turn              (no ring)

@: no status effects
A: no striking features
a: no special abilities


You were on level 2 of the Dungeon.
You were not hungry.

You visited 1 branch of the dungeon, and saw 3 of its levels.

You collected 80 gold pieces.

Inventory:

Hand Weapons
 g - a +0 spear of freezing (weapon)
 h - a +0 short sword
 n - a +0 spear of venom
Armour
 a - a +0 robe (worn)
Jewellery
 b - an uncursed ring of ice {unknown}
 o - an amulet of magic regeneration (around neck)
Scrolls
 e - a scroll of amnesia
 i - 3 scrolls of teleportation
 j - 2 scrolls of blinking
 k - a scroll of magic mapping
 p - 2 scrolls of remove curse {unknown}
Potions
 d - a potion of degeneration {unknown}
 f - a potion of agility
 m - a potion of lignification {unknown}
Comestibles
 c - 11 rations
 l - 4 chunks of flesh


   Skills:
 * Level 0.3 Polearms
 + Level 2.6 Dodging
 + Level 2.7 Stealth
 * Level 4.4 Spellcasting
 * Level 5.8 Conjurations


You had 5 spell levels left.
You knew the following spells:

 Your Spells              Type           Power        Failure   Level  Hunger
a - Magic Dart            Conj           ####         1%          1    None
b - Searing Ray           Conj           ####..       1%          2    #......
c - Dazzling Spray        Conj/Hex       ###...       11%         3    ##.....

Your spell library contained the following spells:

 Spells                   Type           Power        Failure   Level  Hunger
 Iskenderun's Mystic Bla  Conj           ####....     11%         4    ####...
 Force Lance              Conj/Tloc      ###.....     34%         4    ####...
 Fulminant Prism          Conj/Hex       ###.......   34%         4    ####...


Dungeon Overview and Level Annotations

Branches:
Dungeon (3/15)

Altars:
Wu Jian


Message History

There is a stone staircase leading down, spattered with blood here.
You're too confused to cast spells.
Sorry, you're not good enough to have a special ability.
Unknown command.
You're too confused to cast spells.
Sorry, you're not good enough to have a special ability.
The orc wizard mumbles some strange words.
The orc wizard flickers and vanishes!
Deactivating autopickup; reactivate with Ctrl-A.
Things that are here:
a +0 club; a hobgoblin skeleton Something hits you.
You bump into the rock wall.
Something hits you.
You're too confused to move!
Something hits you.
* * * LOW HITPOINT WARNING * * *
You feel less confused.
You hear some strange, mumbled words.
A puff of flame appears from out of thin air!
The puff of flame hits you!
You die...

######.## #.#########.# #.....
#รท.######...#...### #.....
#####.#...#.........## #.....
###..................._# #.....
###...####...##.........####...).
....<....##...##...#...####......
##...)##....##.#########....#..##
##.##...###.###...##...#...##..#
#..####.........@.##...#..###..#
#.## ##...#####.>........###..#
#.# ##...###.........#..##..# #.#
#.#.....#...)...##.....# ..#
##.####.....#.....#..#.## .##
#..####.#............#.## ##
##.##....#...............# #
##..##.#####...###....<...#
######......# #.#......>.....##


There were no monsters in sight!

Vanquished Creatures
  An orc priest (D:3)
  2 adders
  An ooze (D:3)
  3 worms
  2 dart slugs
  2 orcs (D:3)
  3 hobgoblins
  11 jackals
  2 quokkas (D:2)
  7 bats
  3 frilled lizards
  9 kobolds
  4 rats
50 creatures vanquished.

Notes
Turn   | Place    | Note
-------+----------+-------------------------------------------
     0 | D:1      | eccles the Deep Elf Conjurer began the quest for the Orb.
     0 | D:1      | Reached XP level 1. HP: 10/10 MP: 6/6
   261 | D:1      | Reached XP level 2. HP: 15/15 MP: 4/8
   474 | D:1      | Reached skill level 5 in Conjurations
  1010 | D:2      | Reached XP level 3. HP: 10/19 MP: 3/9
  1014 | D:2      | You fall through a shaft!
  1127 | D:3      | Learned a level 2 spell: Searing Ray
  1131 | D:3      | Learned a level 3 spell: Dazzling Spray
  1654 | D:2      | Found an ornate altar of the Wu Jian Council.
  1770 | D:2      | Reached XP level 4. HP: 24/24 MP: 8/11
  2049 | D:2      | Killed from afar by an orc wizard

Skill      XL: |  1  2  3  4 |
---------------+-------------+-----
Conjurations   | 5 |  5.8
Spellcasting   | 4 |  4.4
Polearms       | |  0.3
Dodging        | |  2.6
Stealth        | |  2.7

Action                   |  1- 3 |  4- 6 || total
-------------------------+-------+-------++-------
Melee: Spear             |     1 |       ||     1
 Cast: Magic Dart        |   100 |    13 ||   113
       Searing Ray       |     1 |     2 ||     3
       Dazzling Spray    |       |     1 ||     1
  Use: Scroll            |     5 |       ||     5
  Eat: Chunk             |     2 |     1 ||     3
Armor: Robe              |     7 |     1 ||     8
Dodge: Dodged            |    19 |     8 ||    27
